 Dungeon Crawl Stone Soup version 0.18.1-5-g4a78601 (webtiles) character file.

97 esc the Firebug (level 4, 0/25 HPs)
             Began as a Deep Elf Fire Elementalist on May 12, 2016.
             Killed from afar by an orc wizard (9 damage)
             ... with a puff of frost
             ... on level 3 of the Dungeon.
             The game lasted 00:06:03 (2484 turns).

esc the Firebug (Deep Elf Fire Elementalist)        Turns: 2484, Time: 00:06:04

Health: 0/25       AC:  3    Str:  5    XL:     4   Next: 42%
Magic:  9/11       EV: 14    Int: 21    God:
Gold:   155        SH:  0    Dex: 15    Spells: 4 memorised, 3 levels left

rFire  . . .     SeeInvis .     h - +1 short sword
rCold  . . .     Gourm    .     a - +1 robe
rNeg   . . .     Faith    .     (no shield)
rPois  .         Spirit   .     (no helmet)
rElec  .         Dismiss  .     (no cloak)
rCorr  .         Reflect  .     (no gloves)
SustAt .         Harm     .     (no boots)
MR     .....                    (no amulet)
Stlth  ++........               (no ring)
                                (no ring)

@: not resistant to hostile enchantments, unstealthy
A: no striking features
a: no special abilities


You were on level 3 of the Dungeon.
You were hungry.

You visited 1 branch of the dungeon, and saw 3 of its levels.

You collected 155 gold pieces.

Inventory:

Hand Weapons
 h - a +1 short sword (weapon)
   (You took it off a kobold on level 1 of the Dungeon)
Missiles
 f - 95 stones (quivered)
 n - 10 poisoned needles
Armour
 a - a +1 robe (worn)
Scrolls
 d - 2 scrolls of enchant armour
 k - a scroll of recharging
 o - a scroll of remove curse
Potions
 e - a potion of heal wounds {unknown}
 i - a potion of curing {unknown}
 j - a potion of agility {unknown}
 l - 2 potions of invisibility {unknown}
 p - a potion of mutation {unknown}
 q - a potion of degeneration {unknown}
Books
 b - a book of Flames
 g - a book of Callings
   (You found it on level 2 of the Dungeon)
Comestibles
 c - 3 bread rations {@e1}
 m - a meat ration {@e2}


   Skills:
 + Level 1.0 Fighting
 + Level 3.7 Dodging
 - Level 2.4 Stealth
 + Level 3.7 Spellcasting
 + Level 2.2 Conjurations
 + Level 3.8 Fire Magic


You had 3 spell levels left.
You knew the following spells:

 Your Spells              Type           Power        Failure   Level  Hunger
a - Flame Tongue          Conj/Fire      ###..        3%          1    None
b - Summon Small Mammal   Summ           #...         14%         1    None
c - Conjure Flame         Conj/Fire      ###.....     12%         3    ###....
x - Throw Flame           Conj/Fire      ###...       6%          2    ##.....


Dungeon Overview and Level Annotations

Branches:
Dungeon (3/15)

Altars:


Message History

Health restored: 25 You regained 2 mp, and now have 2/11 mp.
Found a stone staircase leading down.
You start resting.
MP restored: 11
m - a meat ration {@e2}
f - 93 stones (gained 1)
f - 94 stones (gained 1)
Things that are here:
a short sword; a chain mail You now have 137 gold pieces (gained 7).
c - 3 bread rations {@e1} (gained 1)
You are feeling hungry.
You see here 10 poisoned needles.
n - 10 poisoned needles A giant newt and a kobold come into view.
The giant newt barely misses you.
Aim: a giant newt The flame tongue hits the giant newt.
You kill the giant newt!
You now have 10/11 mp.
Aim: a kobold (resting)
The flame tongue hits the kobold.
The kobold throws a stone.
The stone hits you but does no damage.
You now have 9/11 mp.
Aim: a kobold (moderately wounded)
The flame tongue hits the kobold.
You kill the kobold!
You now have 8/11 mp.
o - a scroll of remove curse
p - a bubbling amethyst potion
f - 95 stones (gained 1)
You see here a kobold corpse.
q - a grey potion Read which item? (? for menu, Esc to quit)
Okay, then.
You now have 155 gold pieces (gained 18).
r - a scroll labeled QAGGOKUAHIA MP restored: 11 Read which item? (? for menu, Esc to quit)
As you read the scroll labeled QAGGOKUAHIA, it crumbles to dust.
The dust glows faint gridelin!
It was a scroll of random uselessness.
Found a stone staircase leading down.
An orc comes into view. It is wielding a flail.
An orc comes into view. It is wielding a club.
The orc shouts!
An orc comes into view.
A hobgoblin comes into view. It is wielding a club.
A rat comes into view.
The hobgoblin shouts!
You hit the hobgoblin.
The hobgoblin hits you but does no damage.
You hit the hobgoblin.
You kill the hobgoblin!
The orc hits you with a flail!
You take 8 damage, and have 17/25 hp.
MASSIVE DAMAGE!!
Aim: an orc, wielding a flail The flame tongue hits the orc.
You kill the orc!
The orc shouts!
You now have 10/11 mp.
Aim: a rat The flame tongue hits the rat.
You kill the rat!
You now have 9/11 mp.
Things that are here:
a club; a hobgoblin corpse You butcher the hobgoblin corpse.
Things that are here:
a club; 3 chunks of flesh {@w0}
Aim: an orc, wielding a club You miscast Flame Tongue.
You are very lightly contaminated with residual magic.
Your skin tingles.
An orc wizard comes into view. It is wielding a dagger.
You now have 8/11 mp.
Aim: an orc, wielding a club The flame tongue hits the orc.
You kill the orc!
The orc wizard shouts!
You now have 7/11 mp.
Aim: an orc The flame tongue hits the orc.
You now have 8/11 mp.
You hit the orc.
You kill the orc!
The orc wizard casts a spell at you. The puff of frost hits you!
You take 11 damage, and have 8/25 hp.
MASSIVE DAMAGE!!
Your magical contamination has completely faded away.
Eat which item? (? for menu, Esc to quit)
Okay, then.
You start resting.
Aim: an orc wizard, wielding a dagger and wearing a robe The flame tongue hits the orc wizard.
The orc wizard appears unharmed.
The orc wizard points at you and mumbles some strange words.
The puff of frost hits you!
You die...

#.......# #...#.# #.# ...###...#
#.###.# #.# . #...###.# #.# #.#
.###....##.# #.# #.#
......[#.#.# #.# #.#
##.....##..# #.# #o# #.#..##.#.#
#.# #.# ##.#....##.###.# #.#
#............#@# #.#
##..#.##.##.#.#.###.######
................o..........
##..#......#....#####..#########
................................
##..............................
#..#...........### #..###.#####
#>.#.#######...#####..# #.#
#.....##..............# #.#


You could see an orc wizard.

Vanquished Creatures
  Terence (D:3)
  An adder (D:3)
  2 dart slugs
  A giant gecko (D:2)
  4 orcs (D:3)
  5 bats
  A giant cockroach (D:1)
  6 goblins
  6 hobgoblins
  4 jackals (D:2)
  7 kobolds
  2 quokkas (D:2)
  4 giant newts
  6 rats
50 creatures vanquished.

Vanquished Creatures (others)
  A giant gecko (D:2)
1 creature vanquished.

Grand Total: 51 creatures vanquished

Notes
Turn   | Place    | Note
--------------------------------------------------------------
     0 | D:1      | esc the Deep Elf Fire Elementalist began the quest for the Orb.
     0 | D:1      | Reached XP level 1. HP: 10/10 MP: 6/6
   639 | D:1      | Reached XP level 2. HP: 15/15 MP: 5/8
  1274 | D:2      | Reached skill level 3 in Dodging
  1305 | D:2      | Reached XP level 3. HP: 12/19 MP: 0/9
  1407 | D:2      | HP: 5/20 [hobgoblin/club (3)]
  1904 | D:2      | Learned a level 2 spell: Throw Flame
  1908 | D:2      | Learned a level 3 spell: Conjure Flame
  1910 | D:2      | Learned a level 1 spell: Summon Small Mammal
  2201 | D:3      | Noticed Terence
  2255 | D:3      | Killed Terence
  2255 | D:3      | Reached skill level 1 in Fighting
  2255 | D:3      | Reached skill level 2 in Conjurations
  2255 | D:3      | Reached XP level 4. HP: 23/25 MP: 0/11
  2484 | D:3      | Killed from afar by an orc wizard

Skill      XL: |  1  2  3 |
---------------+----------+-----
Dodging        | 3 |  3.7
Fighting       | 1 |  1.0
Conjurations   | 2 |  2.2
Stealth        | |  2.4
Spellcasting   | |  3.7
Fire Magic     | |  3.8

Action                   |  1- 3 |  4- 6 || total
-------------------------+-------+-------++-------
Melee: Mace              |     8 |       ||     8
       Short sword       |    19 |     3 ||    22
Throw: Stone             |     2 |       ||     2
 Cast: Flame Tongue      |    79 |     9 ||    88
       Summon Small Mamm |     3 |       ||     3
       Conjure Flame     |     2 |       ||     2
  Use: Scroll            |     7 |     1 ||     8
 Stab: Sleeping          |     1 |       ||     1
  Eat: Chunk             |     4 |       ||     4
Armor: Robe              |    10 |     1 ||    11
Dodge: Dodged            |    57 |     1 ||    58

Vault maps used:
D:1:      dpeg_arrival_snail
D:3:      grunt_temple_overflow_champion_of_chaos,
          nemelex_xobeh_ov_fountains_minmay, grunt_gozag_breadcrumbs,
          uniq_terence

Table legend:
 A = Turns spent in this place as a percentage of turns spent in the entire game.
 B = Non-inter-level travel turns spent in this place as a percentage of non-inter-level travel turns spent in the entire game.
 C = Inter-level travel turns spent in this place as a percentage of turns spent in this place.
 D = Turns resting spent in this place as a percentage of non-inter-level travel turns spent in this place.
 E = Turns spent auto-exploring this place as a percentage of non-inter-level travel turns spent in this place.
 F = Non-inter-level travel turns spent in this place divided by the number of levels of this place that you've seen.
                   A       B       C       D       E      F
               +-------+-------+-------+-------+-------+----------------------
         Total | 100.0 | 100.0 |   0.4 |   4.2 |  11.4 | 167.0
       Dungeon | 100.0 | 100.0 |   0.4 |   4.2 |  11.4 | 167.0
               +-------+-------+-------+-------+-------+----------------------

Table legend:
 A = Kills in this place as a percentage of kills in entire the game.
 B = Kills by you in this place as a percentage of kills by you in the entire game.
 C = Kills by friends in this place as a percentage of kills by friends in the entire game.
 D = Other kills in this place as a percentage of other kills in the entire game.
 E = Experience gained in this place as a percentage of experience gained in the entire game.
 F = Experience gained in this place divided by the number of levels of this place that you have seen.
                   A       B       C       D       E      F
               +-------+-------+-------+-------+-------+----------------------
         Total | 100.0 | 100.0 |  -nan |  -nan | 100.0 |  46.3
       Dungeon | 100.0 | 100.0 |  -nan |  -nan | 100.0 |  46.3
               +-------+-------+-------+-------+-------+----------------------
